 Dungeon Crawl Stone Soup version 0.21-a0-529-g8c7b3f5 (webtiles) character file.

15 tnowlan the Grasshopper (level 2, -35/22 HPs)
             Began as a Human Warper on Dec 11, 2017.
             Killed from afar by a hobgoblin (43 damage)
             ... with an exploding inner flame
             ... hexed by the player character
             ... on level 1 of the Dungeon.
             The game lasted 00:03:27 (468 turns).

tnowlan the Grasshopper (Human Warper)               Turns: 468, Time: 00:03:27

Health: -35/22     AC:  3    Str: 11    XL:     2   Next: 65%
Magic:  5/5        EV: 12    Int: 13    God:
Gold:   36         SH:  0    Dex: 12    Spells: 1/5 levels left

rFire    . . .     SeeInvis .   a - +0 spear
rCold    . . .     Gourm    .   (no shield)
rNeg     . . .     Faith    .   b - +0 leather armour
rPois    .         Spirit   .   (no helmet)
rElec    .         Reflect  .   (no cloak)
rCorr    .         Harm     .   (no gloves)
MR       .....                  (no boots)
Stlth    +.........             (no amulet)
HPRegen  0.07/turn              (no ring)
MPRegen  0.09/turn              (no ring)

@: no status effects
A: no striking features
a: no special abilities


You were on level 1 of the Dungeon.
You were not hungry.

You visited 1 branch of the dungeon, and saw 1 of its levels.

You collected 36 gold pieces.

Inventory:

Hand Weapons
 a - a +0 spear (weapon)
Missiles
 e - 5 tomahawks of dispersal (quivered)
 h - 7 needles of confusion
Armour
 b - a +0 leather armour (worn)
Scrolls
 d - a scroll of blinking
 g - a scroll of remove curse
 k - a scroll of magic mapping {unknown}
 l - a scroll of enchant weapon {unknown}
Potions
 i - a potion of flight {unknown}
 m - a potion of curing {unknown}
Books
 c - a book of Spatial Translocations

   Spells                             Type                      Level
   a - Blink                          Translocation                2
   b - Shroud of Golubria             Charms/Translocation         2
   c - Lesser Beckoning               Translocation                3
   d - Gell's Gravitas                Translocation                3
   e - Teleport Other                 Translocation                3
   f - Passage of Golubria            Translocation                4
Comestibles
 f - a bread ration


   Skills:
 + Level 2.1 Fighting
 + Level 2.2 Polearms
 + Level 1.2 Throwing
 + Level 1.0 Armour
 + Level 2.1 Dodging
 + Level 2.3 Spellcasting
 + Level 3.0 Translocations


You had one spell level left.
You knew the following spells:

 Your Spells              Type           Power        Failure   Level  Hunger
a - Blink                 Tloc           N/A          14%         2    ###....
b - Shroud of Golubria    Chrm/Tloc      #.........   26%         2    ###....


Dungeon Overview and Level Annotations

Branches:
Dungeon (1/15)

Altars:


Message History

You hit the goblin.
The goblin is heavily wounded.
The bat closely misses you. The goblin hits you but does no damage.
The hobgoblin misses you.
You barely miss the goblin.
The goblin is heavily wounded.
The bat hits you but does no damage. The goblin barely misses you.
The hobgoblin closely misses you.
You barely miss the goblin.
The goblin is heavily wounded.
The bat misses you. The goblin barely misses you.
You hit the goblin.
The goblin explodes!
The fiery explosion engulfs the hobgoblin.
The hobgoblin explodes!
The fiery explosion engulfs the frilled lizard.
The frilled lizard explodes!
The fiery explosion engulfs you!
Ouch! That really hurt!
You die...

#.#..(...
#......%####
...>.... .## #
.?....#...
#.#§§§..#.#
.§§§.... #§##.#
#@§§.#
#b§§.########
#.###..........#
#..............#
#.
######.#)......#
#.#
#####.#.......##.#
#.................
#.###.#........###
###........#


You could see a bat (inner flame).

Vanquished Creatures
  A giant cockroach (D:1)
  2 goblins (D:1)
  4 hobgoblins (D:1)
  2 jackals (D:1)
  3 frilled lizards (D:1)
  A rat (D:1)
13 creatures vanquished.

Notes
Turn   | Place    | Note
-------+----------+-------------------------------------------
     0 | D:1      | tnowlan the Human Warper began the quest for the Orb.
     0 | D:1      | Reached XP level 1. HP: 16/16 MP: 3/3
   285 | D:1      | Reached XP level 2. HP: 22/22 MP: 5/5
   289 | D:1      | Learned a level 2 spell: Blink
   292 | D:1      | Learned a level 2 spell: Shroud of Golubria
   468 | D:1      | Killed from afar by a hobgoblin

Vault maps used:
D:1:      minmay_arrival_four_circles

Action                   || total
-------------------------++-------
Melee: Spear             ||    61
  Use: Scroll            ||     3
Armor: Leather armour    ||    23
Dodge: Dodged            ||    55

Table legend:
 A = Spawn XP
 B = Non-spawn XP
 C = Spawn XP percentage of total XP
 D = Spawn monster count
 E = Non-spawn monster count
 F = Spawn count percentage of total count
 G = Total turns spent on level
                    A         B        C        D         E        F      G
               +---------+---------+-------+---------+---------+-------+---------
         Total |       0 |      22 |   0.0 |       0 |      13 |   0.0 |   468
               +---------+---------+-------+---------+---------+-------+---------
           D:1 |       0 |      22 |   0.0 |       0 |      13 |   0.0 |   468
               +---------+---------+-------+---------+---------+-------+---------
